 Dungeon Crawl Stone Soup version 0.30-a0-652-gcc886f7154 (webtiles) character file.

Game seed: 2729567732933107349

74 wormed the Ducker (level 4, 0/30 HPs)
             Began as an Octopode Warper on Jan 18, 2023.
             Slain by a goblin
             ... wielding a +0 dagger
             ... led by Robin
              (1 damage)
             ... on level 2 of the Dungeon.
             The game lasted 00:01:36 (1635 turns).

wormed the Ducker (Octopode Warper)                 Turns: 1635, Time: 00:01:36

Health: 0/30       AC:  1    Str: 10    XL:     4   Next: 28%
Magic:  7/7        EV: 13    Int: 17    God:
Gold:   97         SH:  0    Dex: 11    Spells: 8/8 levels left

rFire   . . .      SeeInvis +      - Unarmed
rCold   . . .      Faith    .    (no shield)
rNeg    . . .      Spirit   .    (helmet restricted)
rPois   .          Reflect  .    (no amulet)
rElec   .          Harm     .    f - ring of see invisible
rCorr   .          Rampage  .    (no ring)
Will    .....                    (no ring)
Stlth   ++                       (no ring)
HPRegen 0.25/turn                (no ring)
MPRegen 0.10/turn                (no ring)
                                 (no ring)
                                 (no ring)

@: no status effects
A: almost no armour, amphibious, 8 rings, camouflage 1, gelatinous body 1,
(nimble swimmer 1), tentacles
a: no special abilities


You were on level 2 of the Dungeon.
You visited 1 branch of the dungeon, and saw 2 of its levels.

You collected 97 gold pieces.

Inventory:

Missiles
 b - 7 boomerangs of dispersal (quivered)
 i - 7 poisoned darts
 m - 2 curare-tipped darts
Jewellery
 f - a ring of see invisible (left tentacle)
Scrolls
 a - a scroll of blinking
 c - 2 scrolls of teleportation
 g - a scroll of poison {unknown}
 n - a scroll of fear {unknown}
Potions
 d - 2 potions of haste {unknown}
 e - a potion of degeneration {unknown}
 h - a potion of cancellation {unknown}
 j - 3 potions of lignification {unknown}
 k - a potion of resistance {unknown}
 l - a potion of curing {unknown}


   Skills:
 + Level 2.7 Fighting
 - Level 1.0 Throwing
 + Level 3.1 Dodging
 + Level 2.8 Unarmed Combat
 + Level 2.6 Spellcasting
 - Level 3.0 Translocations


You had 8 spell levels left.
You didn't know any spells.
Your spell library contained the following spells:

 Spells                   Type           Power      Damage    Failure   Level
 Blink                    Tloc           24%        N/A       9%          2
 Lesser Beckoning         Tloc           24%        N/A       9%          2
 Teleport Other           Tloc           12%        N/A       16%         3
 Cigotuvi's Dreadful Rot  Necr/Pois/Air  4%         N/A       28%         2
 Poisonous Vapours        Pois/Air       4%         N/A       28%         2
 Vhi's Electric Charge    Tloc/Air       14%        N/A       30%         3
 Manifold Assault         Tloc           12%        N/A       47%         4
 Mephitic Cloud           Conj/Pois/Air  2%         N/A       50%         3


Dungeon Overview and Level Annotations

Branches:
Dungeon (2/15)

Altars:

Annotations:
D:2 Robin


Innate Abilities, Weirdness & Mutations

You cannot wear most types of armour.
You are amphibious.
You can wear up to eight rings at the same time.
Your skin changes colour to match your surroundings (Stealth+).
Your rubbery body absorbs attacks. (AC +1, EV +1)
((You are camouflaged when in or above water. (Stealth+)))
You have tentacles for arms and can constrict up to eight enemies at once.


Message History

You tentacle-slap the goblin. You grab the goblin. You squeeze the goblin.
You kill the goblin!
The goblin hits you with a +0 dagger.
A goblin comes into view. It is wielding a +0 dagger.
Robin roars a battlecry!
The goblins go into a battle-frenzy!
The goblin hits you but does no damage.
A goblin comes into view. It is wielding a +0 dagger of freezing.
You tentacle-slap the goblin. Your grab misses the goblin.
You squeeze the goblin.
You kill the goblin!
A goblin comes into view. It is wielding a +0 dagger.
You closely miss the goblin. Your grab misses the goblin.
The goblin closely misses you. The goblin hits you with a +0 dagger.
The goblin unwields a +0 sling.
The goblin wields a +0 club.
The goblin misses you.
You barely miss the goblin. Your grab misses the goblin.
Your squeeze misses the goblin.
A rat comes into view.
The kobold hits you with a +0 whip. The goblin hits you with a +0 dagger.
The goblin misses you.
You closely miss the goblin. Your grab misses the goblin.
The goblin misses you. The goblin hits you with a +0 club.
The goblin hits you but does no damage. The kobold misses you.
The goblin attacks as you move away! The goblin hits you with a +0 club.
The goblin unwields a +0 club.
The goblin wields a +0 sling.
The goblin shoots a sling bullet.
The sling bullet misses you.
Robin roars a battlecry!
The goblin goes into a battle-frenzy!
Robin throws the goblin at you! The goblin barely misses you.
The goblin hits you with a +0 dagger.
* * * LOW HITPOINT WARNING * * *
The goblin attacks as you move away! The goblin hits you with a +0 club.
* * * LOW HITPOINT WARNING * * *
The goblin closely misses you. The goblin attacks as you move away!
The goblin hits you with a +0 dagger.
* * * LOW HITPOINT WARNING * * *
The goblin attacks as you move away! The goblin barely misses you.
The goblin attacks as you move away! The goblin hits you with a +0 dagger.
You die...

...#...##.....##.#
#......##......#.#
.#.....##......#.#
.......##......#.#######
...#...##...............
..##..#####....#.######
#.##.######.##.#.#
............##.#.#
#.##.##.######.#@## ##..
......ggg# .##.
###.##Kgg# ..##
...#...##### ...##
#.....gg...#.# ....##
#..##...g.g..# .....##
.... #r.))gg..# ......#
.........##..## ......#
.....#.#.# ..#


You could see Robin, a hobgoblin (strong), 6 goblins, a kobold and a rat.

Vanquished Creatures
  3 adders (D:2)
  A dart slug (D:1)
  2 ball pythons (D:1)
  3 endoplasms
  3 giant cockroaches
  4 goblins
  4 hobgoblins
  4 jackals (D:1)
  2 quokkas (D:2)
  5 bats
  A frilled lizard (D:1)
  4 kobolds
  5 rats
41 creatures vanquished.

Vanquished Creatures (others)
  A ghoul (D:1)
  A minotaur (D:1)
  A demonspawn (D:1)
  A draconian (D:1)
  An octopode (D:1)
  2 vine stalkers (D:1)
  2 elves (D:1)
  A demigod (D:1)
  A dwarf (D:1)
  2 ogres (D:1)
  2 gnolls (D:1)
  4 tentacles (D:1)
19 creatures vanquished.

Grand Total: 60 creatures vanquished

Notes
Turn   | Place    | Note
-------+----------+-------------------------------------------
     0 | D:1      | wormed the Octopode Warper began the quest for the Orb.
     0 | D:1      | Reached XP level 1. HP: 14/14 MP: 3/3
     2 | D:1      | Noticed a dwarf
     2 | D:1      | Noticed an elf
     2 | D:1      | Noticed a vine stalker
     2 | D:1      | Noticed a draconian
     2 | D:1      | Noticed a vine stalker
     2 | D:1      | Noticed a demonspawn
     2 | D:1      | Noticed a kraken
     2 | D:1      | Noticed a ghoul
     2 | D:1      | Noticed a demigod
     2 | D:1      | Noticed an ogre
     2 | D:1      | Noticed an elf
     2 | D:1      | Noticed a minotaur
     2 | D:1      | Noticed an octopode
     2 | D:1      | Noticed an ogre
     6 | D:1      | Killed a vine stalker
     8 | D:1      | Killed an elf
    10 | D:1      | Killed a vine stalker
    11 | D:1      | Killed a dwarf
    14 | D:1      | Killed a demigod
    15 | D:1      | Killed an octopode
    17 | D:1      | Killed an elf
    18 | D:1      | Killed a demonspawn
    20 | D:1      | Killed a draconian
    21 | D:1      | Killed an ogre
    22 | D:1      | Killed an ogre
    23 | D:1      | Killed a minotaur
    25 | D:1      | Killed a ghoul
   169 | D:1      | Reached XP level 2. HP: 16/19 MP: 5/5
   250 | D:1      | Found a faded altar of an unknown god.
   478 | D:1      | Reached XP level 3. HP: 25/25 MP: 6/6
  1476 | D:2      | Reached XP level 4. HP: 30/30 MP: 7/7
  1624 | D:2      | Noticed Robin
  1635 | D:2      | HP: 1/30 [goblin/+0 dagger[Robin] (5)]
  1635 | D:2      | Slain by a goblin

Illustrated notes

Levels and vault maps discovered:
D:1:      nicolae_arrival_kraken_aquarium_b, layout_loops_corners,
          chequers_ecumenical_altar_simple
D:2:      layout_basic, grunt_ministairs_14, minmay_splitting_lines,
          kennysheep_big_empty_room, minmay_tetromino_t4, uniq_robin

Skill      XL: |  1  2  3 |
---------------+----------+-----
Dodging        | 3 |  3.1
Fighting       | |  2.7
Throwing       | |  1.0
Unarmed Combat | |  2.8
Spellcasting   | |  2.6
Translocations | |  3.0

Action                   |  1- 3 |  4- 6 || total
-------------------------+-------+-------++-------
Melee: Unarmed           |    84 |    16 ||   100
       Constrict         |    24 |     4 ||    28
       Tentacles         |    18 |     4 ||    22
       Punch             |     4 |     1 ||     5
  Use: Scroll            |     2 |       ||     2
 Stab: Sleeping          |     6 |     3 ||     9
Armor: Skin              |     6 |     2 ||     8
Dodge: Dodged            |    50 |    16 ||    66

Table legend: (Time is in decaauts)
 A = Elapsed time spent in this place.
 B = Non-inter-level travel time spent in this place.
 C = Inter-level travel time spent in this place.
 D = Time resting spent in this place.
 E = Time spent auto-exploring this place.
 F = Levels seen in this place.
 G = Mean time per level.
                   A        B        C        D        E       F      G
               +--------+--------+--------+--------+--------+-----+--------+
         Total |   1630 |   1533 |     97 |      0 |   1274 |   2 |  815.0 |
       Dungeon |   1630 |   1533 |     97 |      0 |   1274 |   2 |  815.0 |
               +--------+--------+--------+--------+--------+-----+--------+

Top non-repeatable levels by time:
     D:1: 1032 daAuts
     D:2: 597 daAuts
